 Dungeon Crawl Stone Soup version 0.19-a0-1013-g40768a3 (webtiles) character file.

9 4thArraOfDagon the Skirmisher (level 2, -2/26 HPs)
             Began as a Centaur Abyssal Knight on July 24, 2016.
             Was a Follower of Lugonu.
             Slain by 4thArraOfDagon's ghost (7 damage)
             ... on level 3 of the Dungeon.
             The game lasted 00:02:45 (320 turns).

4thArraOfDagon the Skirmisher (CeAK)                 Turns: 320, Time: 00:02:46

Health: -2/26      AC:  4    Str: 14    XL:     2   Next: 6%
Magic:  3/3        EV:  9    Int: 13    God:    Lugonu [*.....]
Gold:   8          SH:  0    Dex: 10    Spells: 0 memorised, 1 level left

rFire  + . .     SeeInvis .     f - +0 flail "Syilaeti" {speed, rPois Dex+2} (curse)
rCold  . . .     Gourm    .     b - +0 leather armour
rNeg   . . .     Faith    .     (no shield)
rPois  +         Spirit   .     (no helmet)
rElec  .         Dismiss  .     (no cloak)
rCorr  .         Reflect  .     (no gloves)
SustAt .         Harm     .     (no barding)
MR     .....                    (no amulet)
Stlth  ..........               (no ring)
                                (no ring)

@: very slightly contaminated, very quick, not resistant to hostile
enchantments, extremely unstealthy
A: hooves 3, clever 1, deformed body, fire resistance 1, speed 2, tough skin 3
a: Depart the Abyss, Renounce Religion


You were on level 3 of the Dungeon.
You worshipped Lugonu.
Lugonu was aware of your devotion.
You were not hungry.

You visited 1 branch of the dungeon, and saw 3 of its levels.
You visited the Abyss 1 time.

You collected 8 gold pieces.

Inventory:

Hand Weapons
 a - a +1 falchion
 f - the cursed +0 flail "Syilaeti" (weapon) {speed, rPois Dex+2}
   (You found it on level 3 of the Abyss)

   Attacks with this weapon are significantly faster.
   It affects your dexterity (+2).
   It protects you from poison.
   It has a curse placed upon it.
Armour
 b - a +0 leather armour (worn)
Scrolls
 h - a scroll of magic mapping {unknown}
 i - a scroll of teleportation {unknown}
 j - a scroll of remove curse {unknown}
Potions
 d - a potion of degeneration
Books
 g - the Compendium of Attacks
   (You found it on level 3 of the Abyss)

   Spells                             Type                      Level
   a - Flame Tongue                   Conjuration/Fire             1
   b - Throw Icicle                   Conjuration/Ice              4
   c - Iskenderun's Battlesphere      Conjuration/Charms           5
Comestibles
 c - 3 bread rations


   Skills:
 - Level 3.0 Fighting
 - Level 1.9 Long Blades
 * Level 1.1 Maces & Flails
 - Level 1.4 Armour
 - Level 0.6 Dodging
 - Level 2.0 Invocations


You had one spell level left.
You didn't know any spells.

Dungeon Overview and Level Annotations

Branches:
Dungeon (3/15)

Altars:

Annotations:
D:2 Terence
D:3 4thArraOfDagon's ghost, weakling SpAK


Innate Abilities, Weirdness & Mutations

You have hooves in place of feet.
Armour fits poorly on your strangely shaped body.
You cover ground very quickly.
You have extremely tough skin. (AC +3)
Your mind is acute. (Int +2)
Your flesh is heat resistant. (rF+)


Message History

It was a scroll of blinking.
Found 2 murky emerald potions.
Found a scroll labeled COUNAUHIQE and 12 gold pieces.
Found a stone staircase leading up. 4thArraOfDagon's ghost (weakling Spriggan Abyssal Knight) comes into view. 4thArraOfDagon's ghost turns its malevolent gaze towards you. 4thArraOfDagon's ghost whispers, "Trust me.
Just give in."
Unknown command.
Unknown command. 4thArraOfDagon's ghost barely misses you.
Found a mace.
Unknown command.
You see here 2 murky emerald potions.
It was a potion of beneficial mutation.
You feel resistant to heat.
You feel fantastic! 4thArraOfDagon's ghost hits you but does no damage.
You feel clever.
You feel fantastic! 4thArraOfDagon's ghost hits you!
You die...

#.# #.#
###.
##.##.....
#........<
#..#...?..
##.###.$...
##..##
.....
#..W.# ....
#..@.# ...
#......#
...
#..........
#.....#....
#.....).###
#....####
#..### ...


You could see 4thArraOfDagon's ghost.

Vanquished Creatures
  A giant gecko (D:2)
  A giant cockroach (D:1)
  3 jackals (D:2)
  A bat (D:1)
  A goblin (D:1)
  A rat (D:2)
8 creatures vanquished.

Notes
Turn   | Place    | Note
-------+----------+-------------------------------------------
     0 | Abyss:1  | 4thArraOfDagon the Centaur Abyssal Knight began the quest for the Orb.
     0 | Abyss:1  | Reached XP level 1. HP: 19/19 MP: 2/2
     0 | Abyss:1  | BLOAX: wake me up inside
    13 | Abyss:1  | BLOAX: is that mouse support in webtiles i see
    28 | Abyss:1  | Noticed a large abomination
    59 | Abyss:2  | Found a corrupted altar of Lugonu.
   118 | Abyss:3  | Noticed a ynoxinul
   132 | Abyss:3  | Got a polished flail
   134 | Abyss:3  | Identified the Compendium of Attacks (You found it on level 3 of the Abyss)
   135 | D:1      | Escaped the Abyss
   136 | D:1      | Identified the cursed +0 flail "Syilaeti" {speed, rPois Dex+2} (You found it on level 3 of the Abyss)
   137 | D:1      | BLOAX: hahahaha
   137 | D:1      | 4thArraOfDagon: :(
   137 | D:1      | BLOAX: almost good!
   165 | D:1      | Reached * piety under Lugonu
   175 | D:1      | BLOAX: if only it was +2 or even +4
   193 | D:1      | BLOAX: then it would have been actually substantial
   223 | D:2      | Noticed Terence
   256 | D:2      | Reached skill level 1 in Maces & Flails
   256 | D:2      | Reached XP level 2. HP: 3/26 MP: 3/3
   313 | D:3      | BLOAX: rnjesus blesses
   313 | D:3      | Noticed 4thArraOfDagon's ghost (weakling SpAK)
   316 | D:3      | BLOAX: you
   319 | D:3      | Gained mutation: Your flesh is heat resistant. (rF+) [potion of beneficial mutation]
   320 | D:3      | Gained mutation: Your mind is acute. (Int +2) [potion of beneficial mutation]
   320 | D:3      | Slain by 4thArraOfDagon's ghost

Vault maps used:
D:1:      eino_arrival_cavern_a
D:2:      minmay_fountain_box, uniq_jessica, uniq_terence
D:3:      lemuel_crystal_altar, first_bread, grunt_qazlal_clouds, uniq_robin,
          uniq_sigmund
Abyss:2:  evilmike_abyss_exit_16
Abyss:3:  kilobyte_mutagenic_chamber, evilmike_abyss_rune_siren_acolytes,
          evilmike_abyss_exit_14

Skill      XL: |  1 |
---------------+----+-----
Maces & Flails | 1 |  1.1
Fighting       | |  3.0
Long Blades    | |  1.9
Armour         | |  1.4
Dodging        | |  0.6
Invocations    | |  2.0

Action                   || total
-------------------------++-------
Melee: Flail             ||    45
       Kick              ||     7
Invok: Depart the Abyss  ||     1
  Use: Scroll            ||     4
       Potion            ||     4
Armor: Leather armour    ||    20
Dodge: Dodged            ||    24
